 Dungeon Crawl Stone Soup version 0.30.1-9-gdf580d7c3d (webtiles) character file.

Game seed: 16720767921122960779

77 KittyFluff the Chopper (level 4, -8/40 HPs)
             Began as a Minotaur Berserker on Oct 13, 2023.
             Was a Believer of Trog.
             Killed by nerve-wracking pain
             ... invoked by Grinder
              (14 damage)
             ... on level 3 of the Dungeon.
             The game lasted 00:07:49 (1815 turns).

KittyFluff the Chopper (Minotaur Berserker)         Turns: 1815, Time: 00:07:49

Health: -8/40      AC:  3    Str: 23    XL:     4   Next: 13%
Magic:  3/3        EV: 12    Int:  4    God:    Trog [**....]
Gold:   128        SH:  0    Dex: 10    Spells: 3/3 levels left

rFire   . . .        a - +0 hand axe
rCold   . . .        (no shield)
rNeg    . . .        h - +0 leather armour
rPois   .            (helmet restricted)
rElec   .            (no cloak)
rCorr   .            (no gloves)
SInv    .            (no boots)
Will    .....        (no amulet)
Stlth   +            (no ring)
HPRegen 0.26/turn    (no ring)
MPRegen 0.08/turn

%: no passive effects
@: no status effects
A: horns 2, retaliatory headbutt
a: Renounce Religion, Berserk, Trog's Hand


You were on level 3 of the Dungeon.
You worshipped Trog.
Trog was pleased with you.
You visited 1 branch of the dungeon, and saw 3 of its levels.

You collected 128 gold pieces.

Inventory:

Hand Weapons
 a - a +0 hand axe (weapon)
 n - a +0 sling
Missiles
 o - 3 boomerangs (quivered)
Armour
 h - a +0 leather armour (worn)
Wands
 p - a wand of mindburst (19)
Scrolls
 b - 2 scrolls of identify {unknown}
 c - 3 scrolls of vulnerability {unknown}
 d - 2 scrolls of noise {unknown}
 e - a scroll of silence {unknown}
 f - a scroll of teleportation {unknown}
 i - a scroll of torment {unknown}
 j - 2 scrolls of enchant armour {unknown}
 l - a scroll of amnesia {unknown}
 r - a scroll of immolation {unknown}
Potions
 k - a potion of attraction {unknown}
 q - a potion of brilliance {unknown}


   Skills:
 + Level 4.1 Fighting
 * Level 4.5 Axes
 * Level 3.7 Armour
 + Level 2.7 Dodging


You had 3 spell levels left.
You didn't know any spells.
Your spell library was empty.

Dungeon Overview and Level Annotations

Branches:
Dungeon (3/15)

Altars:

Annotations:
D:3 Grinder


Innate Abilities, Weirdness & Mutations

You have a pair of horns on your head.
You reflexively headbutt those who attack you in melee.


Message History

Aim: Grinder (lightly wounded, fast, chance to affect: 64%) Grinder's mind is blasted!!
Grinder gestures at you. Pain shoots through your body!
* * * LOW HITPOINT WARNING * * *
Grinder blinks!
The bat barely misses you.
You miss the bat. The bat misses you.
Grinder blinks!
You closely miss the bat. The bat barely misses you.
You hit the bat but do no damage. Your headbutt misses the bat.
The bat misses you. The bat barely misses you.
Grinder blinks!
You slash the bat!
You kill the bat!
Trog accepts your kill. Grinder gestures at you.
You suddenly lose the ability to move!
Grinder blinks!
Grinder says, "You look like you could use a good racking."
Grinder blinks!
You can move again.
Grinder gestures at you.
You suddenly lose the ability to move!
Grinder says, "I used to sell toenails on the black market."
Grinder gestures at you. You resist with significant effort. Grinder hits you.
* * * LOW HITPOINT WARNING * * *
Grinder says, "FISH!"
Grinder hits you.
* * * LOW HITPOINT WARNING * * *
You writhe in agony.
* * * LOW HITPOINT WARNING * * *
You can move again.
It was a potion of cancellation.
You feel magically purged. Grinder barely misses you.
It was a potion of curing.
You feel better. Grinder gestures at you. Pain shoots through your body!
You die...

#. ... #.
..#
#.####..##
#........
#......###.
#.?.$......
#...5..#
#.@.# ##.##
#.# #.# #.#
#.# #.# #.#
#.#


You could see Grinder (fast).

Vanquished Creatures
  3 adders
  3 dart slugs
  An endoplasm (D:3)
  4 giant cockroaches
  3 goblins
  4 hobgoblins
  5 jackals
  2 ball pythons (D:3)
  4 bats
  2 frilled lizards (D:1)
  8 kobolds
  4 rats
43 creatures vanquished.

Notes
Turn   | Place    | Note
-------+----------+-------------------------------------------
     0 | D:1      | KittyFluff the Minotaur Berserker began the quest for the
                  | Orb.
     0 | D:1      | Reached XP level 1. HP: 19/19 MP: 0/0
   392 | D:1      | Reached XP level 2. HP: 26/27 MP: 1/1
   766 | D:2      | Reached XP level 3. HP: 28/33 MP: 2/2
  1037 | D:2      | Reached ** piety under Trog
  1148 | D:2      | Found a faded altar of an unknown god.
  1722 | D:3      | Reached XP level 4. HP: 40/40 MP: 3/3
  1778 | D:3      | Noticed Grinder
  1779 | D:3      | Paralysed by Grinder for 5 turns
  1791 | D:3      | Paralysed by Grinder for 3 turns
  1805 | D:3      | Paralysed by Grinder for 4 turns
  1811 | D:3      | Paralysed by Grinder for 3 turns
  1813 | D:3      | HP: 1/40 [Grinder (2)]
  1815 | D:3      | Killed from afar by Grinder

Illustrated notes

Levels and vault maps discovered:
D:1:      dpeg_arrival_shelter, layout_basic
D:2:      layout_loops_corners, shapermc_ecumenical_altar_mp_ritualfount
D:3:      layout_loops_ring, uniq_grinder

Skill      XL: |  1  2  3 |
---------------+----------+-----
Axes           | 4 |  4.5
Armour         | 3 |  3.7
Fighting       | 4 |  4.1
Dodging        | |  2.7

Action                     |  1- 3 |  4- 6 || total
---------------------------+-------+-------++-------
  Melee: Hand axe          |    79 |    14 ||    93
         Headbutt          |     7 |     1 ||     8
  Evoke: Wand              |       |     2 ||     2
    Use: Potion            |       |     2 ||     2
 Armour: Leather armour    |    25 |     2 ||    27
         Animal skin       |     1 |       ||     1
  Dodge: Dodged            |    59 |    11 ||    70
